 Dungeon Sprint DCSS version 0.26.0-57-g60708a5e39 (webtiles) character file.

Game seed: 2170263811203167288

22466 Groucho the Imperceptible (level 11, -19/64 HPs)
             Began as a Felid Berserker on Feb 1, 2021.
             Was a High Priest of Trog.
             Shot with a bolt by a yaktaur captain (55 damage)
             ... in the Dungeon (Sprint III: "The Ten Rune Challenge").
             The game lasted 00:26:36 (6033 turns).

Groucho the Imperceptible (Felid Berserker)         Turns: 6033, Time: 00:26:37

Health: -19/64     AC:  3    Str: 19    XL:     11   Next: 23%
Magic:  12/12      EV: 39    Int: 10    God:    Trog [*****.]
Gold:   1844       SH:  0    Dex: 15    Spells: 10/10 levels left
                                        Lives:  0   Deaths: 3

rFire    . . .     SeeInvis +     - Unarmed
rCold    + + .     Faith    +   (shield unavailable)
rNeg     . . .     Spirit   .   (armour unavailable)
rPois    .         Reflect  .   (helmet unavailable)
rElec    .         Harm     .   (cloak unavailable)
rCorr    .         Rampage  .   (gloves unavailable)
Will     ++...     NoTele   +   (boots unavailable)
Stlth    +++++++++.             o - amulet of Kidumie {Faith rC+ Will+ Str+2}
HPRegen  0.20/turn              u - +4 ring of evasion
MPRegen  0.13/turn              (no ring)

@: quick
A: very small, no armour, no weapons or thrown items, stealth, claws 1, fangs 3,
see invisible, speed 1, shaggy fur 3, sharp paws
}: 1/10 runes: decaying
a: Renounce Religion, Berserk, Trog's Hand, Brothers in Arms


You were in the Dungeon.
You worshipped Trog.
Trog was extremely pleased with you.
You visited 1 branch You collected 2947 gold pieces.
You spent 1103 gold pieces at shops.

Inventory:

Missiles
 q - 5 atropa-tipped darts
 r - 5 datura-tipped darts
 s - 5 curare-tipped darts
Jewellery
 o - the amulet of Kidumie (around neck) {Faith rC+ Will+ Str+2}
   (You bought it in a shop in the Dungeon)

   [amulet of faith]

   It allows you to gain divine favour quickly.
   It affects your strength (+2).
   It protects you from cold.
   It affects your willpower, your defense against some magical effects.
 u - a +4 ring of evasion (left paw)
Wands
 l - a wand of flame (18)
 t - a wand of paralysis (8)
Scrolls
 c - 2 scrolls of holy word
 f - a scroll of blinking
 g - 4 scrolls of remove curse
 h - 2 scrolls of identify
 v - a scroll of fear {unknown}
Potions
 a - 5 potions of curing
 b - a potion of flight
 d - 2 potions of magic
 e - 2 potions of berserk rage
 i - 2 potions of degeneration
 j - a potion of attraction {unknown}
 k - 4 potions of mutation
 m - a potion of might
 p - a potion of resistance


   Skills:
 + Level 17.5 Fighting
 + Level 21.6 Dodging
 - Level 22.7 Stealth
 + Level 17.5 Unarmed Combat


You had 10 spell levels left.
You didn't know any spells.
Your spell library was empty.

Dungeon Overview and Level Annotations

Branches:
Dungeon (1/1)

Altars:
Cheibriados
Dithmenos
Elyvilon
Fedhas
Gozag
Hepliaklqana
Kikubaaqudgha
Makhleb
Nemelex Xobeh
Okawaru
Qazlal
Ru
Sif Muna
Trog
Uskayaw
Vehumet
Wu Jian
Xom
Yredelemnul
Zin
The Shining One
Beogh
Jiyva
Lugonu

Shops:
D [!:*


Innate Abilities, Weirdness & Mutations

You cannot wear armour.
You are incapable of wielding weapons or throwing items.
Your paws allow you to move quietly. (Stealth)
You have sharp claws.
You have razor-sharp teeth.
You have supernaturally acute eyesight. (SInv)
You cover ground quickly.
Your thick and shaggy fur keeps you warm. (AC +3, rC+)
Your sharp claws are effective at attacking unaware monsters.


Message History

You see here a bolt.
You claw the yaktaur captain!
The yaktaur captain is lightly wounded.
Your ogre hits the bush with a +0 giant club!
The yaktaur captain unwields a +2 arbalest of chaos.
The yaktaur captain completely misses you.
You claw the yaktaur captain!
The yaktaur captain is moderately wounded.
Your ogre hits the bush with a +0 giant club!!
You scratch the yaktaur captain but do no damage.
You bite the yaktaur captain.
The yaktaur captain is moderately wounded.
The yaktaur captain misses you.
You swap places.
Your ogre hits the yaktaur captain with a +0 giant club!!
The yaktaur captain wields a +2 arbalest of chaos.
It is briefly surrounded by a scintillating aura of random colours.
The yaktaur captain shoots a bolt.
The bolt hits you!!!
Ouch! That really hurt!
You die...

################+##
#...#)..#[.#......#
#...#...#..#..PPP.#
##'###'##..#..PcP.#
##......†(..†..OPP.#
.#.#####.####(..@.(#
.'.#)..'.#..#......#
.#######.÷..#.....(#
##.. ..#.####......#
#..#..#.#..#......#
#.#.#.#.'..#......#
#.....#)#..#......#
#.....#.#..#.....^#
#.#.#)).#..#......#


You could see a yaktaur captain and a friendly ogre (summoned, berserk).

Vanquished Creatures
  Gastronok (D)
  2 azure jellies (D)
  A dire elephant (D)
  Snorg (D)
  A fire dragon (D)
  An ice dragon (shapeshifter) (D)
  2 centaur warriors (D)
  2 death yaks (D)
  Urug (D)
  2 deep elf knights (D)
  A spriggan druid (D)
  2 unseen horrors (D)
  A death drake (D)
  A lindwurm (D)
  An ugly thing (D)
  A deep elf mage (D)
  2 black mambas (D)
  2 cane toads (D)
  A komodo dragon (D)
  A rime drake (D)
  3 wandering mushrooms (D)
  2 tyrant leeches (D)
  4 spriggan defenders (D)
  7 blink frogs (D)
  An orc high priest (D)
  3 redbacks (D)
  A shadow (D)
  A spriggan (D)
  2 hydra simulacra (D)
  A swamp drake (D)
  A necrophage (D)
  2 centaurs (D)
  An earth elemental (D)
  A water elemental (D)
  8 killer bees (D)
  An electric eel (D)
  A jelly (D)
  An orc priest (D)
  A wizard (D)
  A necromancer (D)
  A kobold demonologist (D)
  3 humans (D)
  A wolf (D)
  A swamp drake simulacrum (D)
  2 oozes (D)
  2 orcs (D)
  2 rats (D)
  A plant (D)
83 creatures vanquished.

Vanquished Creatures (collateral kills)
  Sigmund (D)
  Rupert (D)
  2 azure jellies (D)
  A dire elephant (D)
  An ice dragon (D)
  2 hydras (D)
  2 death yaks (D)
  4 dancing weapons (D)
  An orc knight (D)
  3 deep elf magi (D)
  An orc sorcerer (D)
  2 elephants (D)
  Edmund (D)
  A queen bee (D)
  A snapping turtle (shapeshifter) (D)
  A blink frog (D)
  A slime creature (D)
  A spriggan (D)
  A tarantella (shapeshifter) (D)
  3 orc warriors (D)
  24 killer bees (D)
  An orc priest (D)
  2 orc wizards (D)
  A swamp drake simulacrum (D)
  8 orcs (D)
  A bush (D)
  A plant (D)
69 creatures vanquished.

Vanquished Creatures (others)
  A hydra (D)
  An ice dragon (D)
  A hornet (D)
  An orc high priest (D)
  An orc priest (D)
  29 plants (D)
34 creatures vanquished.

Grand Total: 186 creatures vanquished

Notes
Turn   | Place    | Note
-------+----------+-------------------------------------------
     0 | D        | Groucho the Felid Berserker began the quest for the Orb.
     0 | D        | Reached XP level 1. HP: 10/10 MP: 2/2
    13 | D        | Reached skill level 4 in Stealth
    17 | D        | Reached skill level 5 in Stealth
    17 | D        | Reached XP level 2. HP: 13/14 MP: 3/3
   145 | D        | Reached ** piety under Trog
   146 | D        | Reached skill level 6 in Stealth
   193 | D        | Reached skill level 5 in Dodging
   193 | D        | Reached skill level 7 in Stealth
   193 | D        | Reached XP level 3. HP: 14/18 MP: 4/4
   216 | D        | Noticed a water elemental
   219 | D        | Killed a water elemental
   219 | D        | Reached *** piety under Trog
   220 | D        | Reached skill level 8 in Stealth
   220 | D        | Reached XP level 4. HP: 19/22 MP: 5/5
   224 | D        | Found a radiant altar of Vehumet.
   225 | D        | Found a shimmering blue altar of Sif Muna.
   225 | D        | Found an ancient bone altar of Kikubaaqudgha.
   225 | D        | Noticed a wizard
   226 | D        | Killed a wizard
   227 | D        | Reached skill level 5 in Fighting
   227 | D        | Reached skill level 5 in Unarmed Combat
   229 | D        | Reached skill level 9 in Stealth
   229 | D        | Reached XP level 5. HP: 23/26 MP: 6/6
   244 | D        | Found a shadowy altar of Dithmenos.
   244 | D        | Noticed a necrophage
   249 | D        | Killed a necrophage
   249 | D        | Reached **** piety under Trog
   250 | D        | Found a basalt altar of Yredelemnul.
   250 | D        | Found a sacrificial altar of Ru.
   253 | D        | Reached skill level 10 in Stealth
   264 | D        | Found a glowing silver altar of Zin.
   265 | D        | Found a glowing golden altar of the Shining One.
   265 | D        | Found a white marble altar of Elyvilon.
   265 | D        | Noticed a deep elf mage
   267 | D        | Killed a deep elf mage
   267 | D        | Reached ***** piety under Trog
   268 | D        | Reached skill level 10 in Dodging
   268 | D        | Reached skill level 12 in Stealth
   268 | D        | Gained mutation: You are covered in thick fur. (AC +2)
                  | [Felid growth]
   268 | D        | Reached XP level 6. HP: 32/33 MP: 7/7
   268 | D        | Reached XP level 7. HP: 36/37 MP: 8/8
   279 | D        | Found a hide-covered altar of Uskayaw.
   279 | D        | Found an iron altar of Okawaru.
   280 | D        | Found a roughly hewn altar of Beogh.
   280 | D        | Found a bloodstained altar of Trog.
   280 | D        | Found an ornate altar of the Wu Jian Council.
   280 | D        | Noticed a human
   280 | D        | Noticed a human
   282 | D        | Killed a human
   294 | D        | Killed a human
   311 | D        | Noticed a shadow
   312 | D        | Killed an eight-headed hydra
   313 | D        | Killed a shadow
   314 | D        | Reached skill level 13 in Stealth
   314 | D        | Reached XP level 8. HP: 42/42 MP: 9/9
   320 | D        | Found a blossoming altar of Fedhas.
   320 | D        | Found a stormy altar of Qazlal.
   321 | D        | Found a snail-covered altar of Cheibriados.
   321 | D        | Found a burning altar of Makhleb.
   321 | D        | Found a hazy altar of Hepliaklqana.
   321 | D        | Found a shimmering altar of Xom.
   321 | D        | Found an opulent altar of Gozag.
   321 | D        | Found a sparkling altar of Nemelex Xobeh.
   321 | D        | Found a corrupted altar of Lugonu.
   321 | D        | Found a viscous altar of Jiyva.
   536 | D        | Noticed Snorg
   539 | D        | Killed Snorg
   540 | D        | Reached skill level 10 in Fighting
   540 | D        | Reached skill level 14 in Stealth
   540 | D        | Reached skill level 10 in Unarmed Combat
   548 | D        | Reached XP level 9. HP: 47/47 MP: 10/10
   553 | D        | Noticed a centaur warrior
   571 | D        | Killed a centaur warrior
   572 | D        | Reached skill level 15 in Stealth
   767 | D        | Noticed an unseen horror
   767 | D        | Noticed an unseen horror
   768 | D        | Killed an unseen horror
   770 | D        | Killed an unseen horror
   770 | D        | Reached ****** piety under Trog
   771 | D        | Reached skill level 16 in Stealth
   775 | D        | Noticed a wandering mushroom
   779 | D        | Noticed Sigmund
   779 | D        | Noticed Edmund
   790 | D        | Killed Edmund
   791 | D        | Reached XP level 10. HP: 53/53 MP: 11/11
   792 | D        | Killed Sigmund
   793 | D        | Reached skill level 15 in Dodging
   793 | D        | Reached skill level 17 in Stealth
  1380 | D        | Found Kiez's General Store.
  1380 | D        | Noticed an orc knight
  1396 | D        | Mangled by an orc knight
  1397 | D        | Reached XP level 9. HP: -8/51 MP: 10/10
  1412 | D        | Killed an orc knight
  1413 | D        | Reached skill level 18 in Stealth
  1430 | D        | Noticed an orc sorcerer
  1433 | D        | Killed an orc sorcerer
  1434 | D        | Reached XP level 10. HP: 45/55 MP: 11/11
  1496 | D        | Bought a potion of flight for 39 gold pieces
  1496 | D        | Bought a scroll of identify for 26 gold pieces
  1506 | D        | Noticed a deep elf mage
  1506 | D        | Noticed a deep elf mage
  1506 | D        | Noticed a deep elf knight
  1506 | D        | Noticed a deep elf knight
  1506 | D        | Noticed a deep elf mage
  1537 | D        | Killed a deep elf knight
  1543 | D        | Killed a deep elf knight
  1544 | D        | Killed a deep elf mage
  1548 | D        | Killed a deep elf mage
  1555 | D        | Killed a deep elf mage
  1837 | D        | Noticed a cane toad
  1837 | D        | Noticed a cane toad
  1840 | D        | Killed a cane toad
  1841 | D        | Reached skill level 19 in Stealth
  1845 | D        | Killed a cane toad
  2160 | D        | Reached XP level 11. HP: 51/60 MP: 12/12
  2197 | D        | Noticed Rupert
  2207 | D        | Killed Rupert
  2370 | D        | Noticed a death yak
  2371 | D        | Noticed a death yak
  2371 | D        | Noticed a death yak
  2385 | D        | Killed a death yak
  2387 | D        | Noticed a death yak
  2399 | D        | Reached skill level 20 in Stealth
  2403 | D        | Killed a death yak
  2410 | D        | Killed a death yak
  2419 | D        | Killed a death yak
  2420 | D        | Reached skill level 15 in Fighting
  2420 | D        | Reached skill level 15 in Unarmed Combat
  2663 | D        | Noticed an azure jelly
  2663 | D        | Noticed an azure jelly
  2704 | D        | Found Kucsosch's Antique Armour Shoppe.
  2704 | D        | Found Husow's Distillery.
  2708 | D        | Noticed an ice dragon
  2780 | D        | Noticed an azure jelly
  2780 | D        | Noticed an azure jelly
  2782 | D        | Noticed a dire elephant
  2782 | D        | Noticed a dire elephant
  2782 | D        | Noticed Gastronok
  2786 | D        | Killed a dire elephant
  2787 | D        | Killed Gastronok
  2788 | D        | Reached skill level 21 in Stealth
  2797 | D        | Killed a dire elephant
  2800 | D        | Gained mutation: Your thick and shaggy fur keeps you warm.
                  | (AC +3, rC+) [Felid growth]
  2800 | D        | Reached XP level 12. HP: 55/66 MP: 13/13
  3166 | D        | Bought the amulet of Kidumie {Faith rC+ Will+ Str+2} for
                  | 829 gold pieces
  3222 | D        | Killed an ice dragon
  3259 | D        | Noticed an ice dragon
  3270 | D        | Killed an ice dragon
  3560 | D        | Found Osiothen's Book Emporium.
  3569 | D        | Bought a potion of resistance for 110 gold pieces
  3569 | D        | Bought a potion of curing for 33 gold pieces
  3569 | D        | Bought a potion of curing for 33 gold pieces
  3569 | D        | Bought a potion of curing for 33 gold pieces
  3829 | D        | Got a decaying rune of Zot
  4179 | D        | Killed an azure jelly
  4182 | D        | Killed an azure jelly
  4186 | D        | Killed an azure jelly
  4200 | D        | Killed an azure jelly
  4563 | D        | Reached skill level 22 in Stealth
  4585 | D        | Noticed Urug
  4591 | D        | Killed Urug
  4725 | D        | Noticed an eight-headed hydra
  4725 | D        | Noticed a four-headed hydra
  4735 | D        | Killed a ten-headed hydra
  4737 | D        | Killed a four-headed hydra
  5002 | D        | Found a blossoming altar of Fedhas.
  5068 | D        | Slain by a four-headed hydra simulacrum
  5069 | D        | Reached XP level 11. HP: 0/63 MP: 12/12
  5372 | D        | Noticed an orange crystal statue
  5590 | D        | Noticed a green ugly thing
  5591 | D        | Noticed a centaur warrior
  5598 | D        | Killed a green ugly thing
  5625 | D        | Noticed a +3 short sword of flaming
  5625 | D        | Noticed a +2 hand axe of draining
  5625 | D        | Noticed a +0 glaive of flaming
  5632 | D        | Killed a +0 glaive of flaming
  5640 | D        | Killed a +2 hand axe of draining
  5640 | D        | Noticed a +2 vorpal glaive
  5644 | D        | Killed a +3 short sword of flaming
  5645 | D        | Reached XP level 12. HP: 68/68 MP: 13/13
  5839 | D        | Killed a centaur warrior
  5847 | D        | Noticed a fire dragon
  5851 | D        | Killed a fire dragon
  5958 | D        | Noticed a yaktaur captain
  5978 | D        | Noticed an alligator
  5979 | D        | Noticed an ice dragon
  5979 | D        | an alligator changed into an ice dragon
  5989 | D        | Killed an ice dragon
  6000 | D        | Shot with a bolt by a yaktaur captain
  6001 | D        | Reached XP level 11. HP: -14/64 MP: 5/12
  6033 | D        | Shot with a bolt by a yaktaur captain

Illustrated notes

Levels and vault maps discovered:
D:        dungeon_sprint_mu [sprint_mu_entry_cave, sprint_mu_temple_rooms,
          sprint_mu_d1_horrors, sprint_mu_d2_genie, sprint_mu_d3_branching,
          sprint_mu_orc_legion, sprint_mu_elf_gauntlet, sprint_mu_hive_nellie,
          sprint_mu_lair_fedhas, sprint_mu_vaults_butterflies,
          sprint_mu_slime_circle, sprint_mu_swamp_cave, sprint_mu_shoals_archi,
          sprint_mu_blade_basic, sprint_mu_crypt_chambers,
          sprint_mu_tomb_spiral, sprint_mu_vestibule_basic,
          sprint_mu_gehenna_hellfire, sprint_mu_dis_giant,
          sprint_mu_tartarus_statrot, sprint_mu_cocytus_islands, sprint_mu_zot1]

Skill      XL: |  1  2  3  4  5  6  7  8  9 10 11 12 |
---------------+-------------------------------------+-----
Stealth        | 5 7 8 9 12 13 14 18 19 21 22 | 22.7
Dodging        | 5 6 7 10 11 13 14 17 21 20 | 21.6
Fighting       | 4 5 8 9 10 11 14 17 16 | 17.5
Unarmed Combat | 4 5 8 9 10 13 14 17 16 | 17.5

Action                   |  1- 3 |  4- 6 |  7- 9 | 10-12 || total
-------------------------+-------+-------+-------+-------++-------
Melee: Unarmed           |    13 |    10 |    34 |   241 ||   298
       Punch             |       |     1 |     3 |    17 ||    21
       Bite              |       |       |     3 |    27 ||    30
Invok: Brothers in Arms  |       |       |     2 |    27 ||    29
       Trog's Hand       |       |       |     1 |     4 ||     5
       Berserk           |       |       |     1 |     2 ||     3
  Use: Potion            |     1 |       |     2 |     6 ||     9
       Scroll            |       |       |       |     3 ||     3
 Stab: Sleeping          |     6 |     3 |     7 |    22 ||    38
Armor: Skin              |       |       |       |     4 ||     4
Dodge: Dodged            |     3 |     5 |    42 |   221 ||   271
